 Dungeon Crawl Stone Soup version 0.20.1-1-g8b1a95d (webtiles) character file.

93 gungr the Insei (level 4, 0/28 HPs)
             Began as an Octopode Transmuter on Oct 23, 2017.
             Slain by an orc
             ... wielding a +0 club
              (7 damage)
             ... on level 3 of the Dungeon.
             The game lasted 00:04:33 (2431 turns).

gungr the Insei (Octopode Transmuter)               Turns: 2431, Time: 00:04:33

Health: 0/28       AC:  1    Str:  9    XL:     4   Next: 62%
Magic:  7/7        EV: 13    Int: 16    God:
Gold:   120        SH:  0    Dex: 12    Spells: 3/7 levels left

rFire    . . .     SeeInvis .     - Unarmed
rCold    . . .     Gourm    .   (no shield)
rNeg     . . .     Faith    .   (helmet restricted)
rPois    .         Spirit   .   (no amulet)
rElec    .         Reflect  .   (no ring)
rCorr    .         Harm     .   (no ring)
MR       .....                  (no ring)
Stlth    +++.......             (no ring)
Regen    0.1/turn               (no ring)
MPRegen  0.1/turn               (no ring)
                                (no ring)
                                (no ring)

@: no status effects
A: almost no armour, stealthy swim, amphibious, 8 rings, constrict 8, camouflage
1, gelatinous body 1
a: no special abilities


You were on level 3 of the Dungeon.
You were not hungry.

You visited 1 branch of the dungeon, and saw 3 of its levels.

You collected 120 gold pieces.

Inventory:

Missiles
 a - 65 arrows
Wands
 g - a wand of random effects (40/48)
Scrolls
 d - a scroll of enchant weapon {unknown}
 i - a scroll of identify {unknown}
 j - a scroll of teleportation {unknown}
 k - a scroll of amnesia {unknown}
Potions
 e - a potion of mutation {unknown}
 l - a potion of might {unknown}
Books
 b - a book of Changes

   Spells                             Type                      Level
   a - Beastly Appendage              Transmutation                1
   b - Sticks to Snakes               Transmutation                2
   c - Spider Form                    Transmutation/Poison         3
   d - Ice Form                       Ice/Transmutation            4
   e - Blade Hands                    Transmutation                5
Comestibles
 c - 2 bread rations
 f - 2 meat rations
 h - 2 royal jellies


   Skills:
 - Level 1.0 Fighting
 - Level 2.0 Dodging
 - Level 2.0 Stealth
 + Level 4.9 Unarmed Combat
 - Level 2.0 Spellcasting
 - Level 2.0 Transmutations


You had 3 spell levels left.
You knew the following spells:

 Your Spells              Type           Power        Failure   Level  Hunger
a - Beastly Appendage     Tmut           #.....       9%          1    #......
b - Spider Form           Tmut/Pois      #.........   38%         3    ###....


Dungeon Overview and Level Annotations

Branches:
Dungeon (3/15)

Altars:
Xom


Innate Abilities, Weirdness & Mutations

You cannot wear most types of armour.
You are very stealthy in the water. (Stealth+)
You are amphibious.
You can wear up to eight rings at the same time.
You can use your tentacles to constrict eight enemies at once.
Your skin changes colour to match your surroundings (Stealth+).
Your rubbery body absorbs attacks. (AC +1, EV +1)


Message History

The orc is heavily wounded.
The orc barely misses you.
The orc cheers loudly, in orcish tradition.
The orc closely misses you. x2
You closely miss the orc. Your grab misses the orc.
The orc completely misses you. The orc barely misses you.
The orc closely misses you. The orc barely misses you.
The orc hits you but does no damage. The orc barely misses you.
The orc barely misses you. The orc closely misses you.
You closely miss the orc. Your grab misses the orc.
Your squeeze misses the orc.
The orc is heavily wounded.
The orc hits you but does no damage. The orc barely misses you.
The orc hits you with a trident.
* * * LOW HITPOINT WARNING * * *
You tentacle-slap the orc. Your grab misses the orc. You squeeze the orc.
You kill the orc!
The orc hits you with a club!
You die...

####### #.....#
#..@..#####
#.o)o......
#..........
############......$.
#......#...>........
#.###.##.##.........
#.###.##.##.########
#..<#.##'##.#
#####.......#


You could see 2 orcs.

Vanquished Creatures
  5 adders (D:2)
  2 worms (D:2)
  3 leopard geckos (D:2)
  An orc (D:3)
  A giant cockroach (D:1)
  4 goblins
  3 hobgoblins
  4 jackals (D:1)
  7 kobolds
  A ball python (D:1)
  3 bats
  2 frilled lizards
  6 rats
42 creatures vanquished.

Notes
Turn   | Place    | Note
-------+----------+-------------------------------------------
     0 | D:1      | gungr the Octopode Transmuter began the quest for the Orb.
     0 | D:1      | Reached XP level 1. HP: 13/13 MP: 3/3
   142 | D:1      | Reached XP level 2. HP: 16/18 MP: 5/5
   169 | D:1      | Reached skill level 1 in Stealth
   609 | D:2      | Found a shimmering altar of Xom.
   629 | D:2      | Reached XP level 3. HP: 23/23 MP: 6/6
   644 | D:2      | Learned a level 3 spell: Spider Form
  1020 | D:2      | Reached skill level 4 in Unarmed Combat
  1478 | D:2      | Reached XP level 4. HP: 15/28 MP: 7/7
  2431 | D:3      | Slain by an orc

Skill      XL: |  1  2  3 |
---------------+----------+-----
Stealth        | 1 2 |  2.0
Unarmed Combat | 4 |  4.9
Fighting       | |  1.0
Dodging        | |  2.0
Spellcasting   | |  2.0
Transmutations | |  2.0

Action                   |  1- 3 |  4- 6 || total
-------------------------+-------+-------++-------
Melee: Unarmed           |    83 |    42 ||   125
       Constrict         |    16 |     9 ||    25
       Tentacles         |     7 |     4 ||    11
       Punch             |     1 |     1 ||     2
 Stab: Sleeping          |     9 |     2 ||    11
       Distracted        |       |     1 ||     1
  Eat: Bread ration      |     1 |       ||     1
Armor: Skin              |     7 |     6 ||    13
Dodge: Dodged            |    49 |    33 ||    82
